 Dungeon Crawl Stone Soup version 0.31-a0-795-g5eb97db20b (webtiles) character file.

Game seed: 5029720948943458936

23683 snarfax the Warrior (level 12, -3/143 HPs)
             Began as a Troll Berserker on Sept 18, 2023.
             Was a High Priest of Trog.
             Succumbed to a meliai's poison
             ... on level 13 of the Dungeon.
             The game lasted 00:26:07 (10642 turns).

snarfax the Warrior (Troll Berserker)              Turns: 10642, Time: 00:26:08

Health: -3/143     AC: 10    Str: 38    XL:     12   Next: 74%
Magic:  11/11      EV: 12    Int:  3    God:    Trog [*****.]
Gold:   796        SH:  0    Dex:  9    Spells: 11/11 levels left

rFire   . .          .
                       - Unarmed
rCold   . . .        (no shield)
rNeg    . . .        A - +3 steam dragon scales
rPois   .            (helmet restricted)
rElec   .            z - scarf {+Inv}
rCorr   .            (gloves unavailable)
SInv    +            (boots unavailable)
Will    ++...        w - amulet of regeneration
Stlth   +            K - +6 ring of strength
HPRegen 3.03/turn    q - ring of see invisible
MPRegen 0.12/turn

%: no passive effects
@: lethally poisoned (-3 -> -44), strong-willed, regenerating, hasted, very
quick
A: large, unfitting armour, claws 3, regeneration 1, shaggy fur 1, tough skin 1,
evolution 1, sturdy frame 1
a: Renounce Religion, Evoke Invisibility, Berserk, Trog's Hand, Brothers in Arms


You were on level 13 of the Dungeon.
You worshipped Trog.
Trog was extremely pleased with you.
You visited 1 branch of the dungeon, and saw 15 of its levels.

You collected 998 gold pieces.
You spent 202 gold pieces at shops.

Inventory:

Hand Weapons
 x - a +2 flail of holy wrath
 F - a +1 heavy giant spiked club
Missiles
 l - 6 atropa-tipped darts
 o - 21 poisoned darts
 y - 10 curare-tipped darts
 B - 3 large rocks (quivered)
 E - 8 boomerangs
Armour
 z - a scarf of invisibility (worn)
 A - +3 steam dragon scales (worn)
Jewellery
 c - a ring of resist corrosion
 d - a ring of positive energy
 j - a ring of magical power
 m - a ring of flight
 q - a ring of see invisible (right claw)
 w - an amulet of regeneration (around neck)
 K - a +6 ring of strength (left claw)
Wands
 a - a wand of flame (14)
 f - a wand of roots (8)
 t - a wand of mindburst (23)
 C - a wand of charming (22)
 I - a wand of light (9)
Scrolls
 b - 6 scrolls of revelation
 p - 3 scrolls of teleportation
 r - a scroll of identify
 D - 4 scrolls of poison
 H - a scroll of enchant armour
 L - a scroll of fog
Potions
 e - 2 potions of cancellation
 g - 3 potions of enlightenment
 i - 3 potions of attraction
 k - 2 potions of haste
 n - a potion of mutation
 u - a potion of ambrosia {unknown}
 v - 3 potions of magic
 G - a potion of resistance


   Skills:
 * Level 15.3 Fighting
 + Level 3.2 Throwing
 + Level 8.7 Dodging
 + Level 13.4 Unarmed Combat


You had 11 spell levels left.
You didn't know any spells.
Your spell library was empty.

Dungeon Overview and Level Annotations

Branches:
Dungeon (15/15)            Temple (0/1) D:7            Lair (0/5) D:10
    Orc (0/2) D:10         Vaults (0/5) D:13
 Depths: D:15

Altars:
Ashenzari
Dithmenos
Vehumet

Shops:
D:2 [   D:12 *

Annotations:
D:11 2 transporters


Innate Abilities, Weirdness & Mutations

You are too large for most types of armour.
You have claws for hands.
Your natural rate of healing is unusually fast.
You are covered in fur. (AC +1)
You have tough skin. (AC +1)
You have hidden genetic potential.
Your movements are slightly less encumbered by armour. (ER -2)


Message History

* * * LOW HITPOINT WARNING * * *
The vampire mosquito draws strength from your injuries!
The meliai hits you with a +2 hand axe of venom.
* * * LOW HITPOINT WARNING * * *
The meliai barely misses you.
You feel yourself speed up.
You feel extremely sick.
The vampire mosquito bites you but does no damage.
The vampire mosquito barely misses you.
The meliai hits you with a +2 hand axe of venom.
* * * LOW HITPOINT WARNING * * *
You are more poisoned.
The meliai stings you but does no damage.
The vampire mosquito barely misses you.
The vampire mosquito bites you but does no damage.
The meliai barely misses you. The meliai closely misses you.
You feel much better.
You feel extremely sick.
The vampire mosquito bites you but does no damage.
The vampire mosquito misses you.
The meliai hits you with a +2 hand axe of venom!
* * * LOW HITPOINT WARNING * * *
You are more poisoned.
The meliai barely misses you.
The vampire mosquito closely misses you.
The vampire mosquito bites you but does no damage.
You barely miss the meliai.
* * * LOW HITPOINT WARNING * * *
You feel very sick.
The meliai hits you with a +2 hand axe of venom!
* * * LOW HITPOINT WARNING * * *
You are more poisoned.
The meliai stings you but does no damage.
The vampire mosquito misses you. The vampire mosquito bites you.
* * * LOW HITPOINT WARNING * * *
The vampire mosquito draws strength from your injuries!
It was a potion of mutation.
You feel extremely strange.
You feel a hidden potential growing inside you.
You feel less encumbered by your armour.
You die...

.....#......#.....#......#.......
.....#......#.....#......#.......
.....#......#.....#......#.......
###..#......+.....#......########
..'..#......#.....#..............
..####......##.####..............
......................##########'
..#+###.......#.y...#.## ##..
..#...#.........@......# #...
..#...#........y.y.....# ##..
..#...'................########.†
..#####......................##..
.....))......................#†..
############..#.....#.#......##.#
# #..........#......#### #
#........###.......... #
#.....#### #....^.....


You could see 2 vampire mosquitoes and a meliai.

Vanquished Creatures
  A fire giant (D:13)
  A boulder beetle (D:11)
  A catoblepas (D:13)
  5 two-headed ogres
  4 skeletal warriors
  An orc knight (D:14)
  3 manticores
  7 ugly things
  A cyclops (D:12)
  Joseph (D:7)
  Maggie (D:8)
  A gargoyle (D:12)
  A cane toad (shapeshifter) (D:13)
  A komodo dragon (D:10)
  An unseen horror (D:11)
  8 trolls
  11 slime creatures
  A wraith (D:13)
  A shadow (D:10)
  2 wyverns
  A vampire (D:11)
  2 basilisks (D:10)
  9 vampire mosquitoes
  2 acid dragons (D:11)
  Edmund (D:6)
  6 water moccasins
  2 ice beasts (D:6)
  4 orc warriors
  A swamp drake (D:10)
  An ogre (D:7)
  3 centaurs
  A phantom (D:5)
  3 kobold brigands
  A gnoll sergeant (D:11)
  A bullfrog (D:8)
  5 wights (D:7)
  10 killer bees (D:10)
  A howler monkey (D:6)
  3 hounds
  2 gnoll boudas (D:5)
  10 orc priests
  A jelly (D:4)
  4 iguanas
  4 sleepcaps
  Terence (D:3)
  8 orc wizards
  12 gnolls
  4 adders
  2 shadow imps
  4 white imps
  An ufetubus (D:2)
  A worm (D:2)
  2 dart slugs
  31 orcs
  7 ball pythons
  7 endoplasms
  3 giant cockroaches
  8 goblins
  7 hobgoblins
  6 quokkas
  5 bats
  4 frilled lizards
  17 kobolds
  6 rats
267 creatures vanquished.

Vanquished Creatures (others)
  Sonja (D:10)
1 creature vanquished.

Grand Total: 268 creatures vanquished

Notes
Turn   | Place    | Note
-------+----------+-------------------------------------------
     0 | D:1      | snarfax the Troll Berserker began the quest for the Orb.
     0 | D:1      | Reached XP level 1. HP: 22/22 MP: 0/0
   164 | D:1      | Reached XP level 2. HP: 22/29 MP: 1/1
   448 | D:1      | Reached XP level 3. HP: 36/36 MP: 2/2
   454 | D:1      | Reached ** piety under Trog
   743 | D:1      | Reached XP level 4. HP: 44/44 MP: 3/3
   744 | D:1      | Reached XP level 5. HP: 50/50 MP: 4/4
   745 | D:1      | Reached skill level 7 in Fighting
   745 | D:1      | Reached XP level 6. HP: 71/71 MP: 5/5
  1328 | D:2      | Found Lohyufaq's Armour Shoppe.
  1538 | D:3      | Noticed Terence
  1549 | D:3      | Killed Terence
  1788 | D:3      | Found a broken altar of Ashenzari.
  2211 | D:4      | Reached XP level 7. HP: 78/78 MP: 6/6
  2219 | D:4      | Identified a scroll of acquirement
  2219 | D:4      | Acquired a manual of Fighting
  2519 | D:4      | Found a shadowy altar of Dithmenos.
  2559 | D:4      | Noticed a two-headed ogre
  2570 | D:4      | Killed a two-headed ogre
  2571 | D:4      | Reached XP level 8. HP: 60/88 MP: 7/7
  2844 | D:5      | Entered Level 5 of the Dungeon
  2935 | D:5      | Reached skill level 8 in Fighting
  3038 | D:5      | Reached *** piety under Trog
  3878 | D:6      | Reached XP level 9. HP: 94/97 MP: 8/8
  3924 | D:6      | Noticed Edmund
  3928 | D:6      | Killed Edmund
  4295 | D:7      | Noticed Joseph
  4314 | D:7      | Killed Joseph
  4315 | D:7      | Reached skill level 9 in Fighting
  4600 | D:7      | Found a staircase to the Ecumenical Temple.
  4611 | D:7      | Reached **** piety under Trog
  5109 | D:8      | Noticed Maggie
  5122 | D:8      | Killed Maggie
  5348 | D:8      | Reached skill level 10 in Fighting
  5348 | D:8      | Reached XP level 10. HP: 110/110 MP: 9/9
  6212 | D:9      | Noticed a two-headed ogre
  6223 | D:9      | Killed a two-headed ogre
  6634 | D:10     | Entered Level 10 of the Dungeon
  6773 | D:10     | Noticed a two-headed ogre
  6782 | D:10     | Killed a two-headed ogre
  6783 | D:10     | Reached skill level 11 in Fighting
  7218 | D:10     | Found a staircase to the Orcish Mines.
  7336 | D:10     | Noticed Sonja
  7358 | D:10     | Killed Sonja
  7438 | D:10     | Found a staircase to the Lair.
  7576 | D:10     | Reached ***** piety under Trog
  7592 | D:10     | Noticed a brown ugly thing
  7599 | D:10     | Killed a brown ugly thing
  7663 | D:11     | Reached skill level 12 in Fighting
  7679 | D:11     | Identified the +4 halberd of Qaddou {freeze, rElec rF+++
                  | Will+ Dex-2}
  7691 | D:11     | Reached XP level 11. HP: 89/123 MP: 10/10
  7731 | D:11     | Noticed a boulder beetle
  7742 | D:11     | Killed a boulder beetle
  7843 | D:11     | Found a transporter.
  8325 | D:11     | Found a transporter.
  8472 | D:12     | Reached skill level 13 in Fighting
  8551 | D:12     | Noticed a skeletal warrior
  8555 | D:12     | Noticed a skeletal warrior
  8556 | D:12     | Noticed a skeletal warrior
  8580 | D:11     | Killed a skeletal warrior
  8649 | D:11     | Killed a skeletal warrior
  8683 | D:12     | Noticed a skeletal warrior
  8695 | D:12     | Killed a skeletal warrior
  8711 | D:12     | Killed a skeletal warrior
  8712 | D:12     | Reached skill level 14 in Fighting
  8774 | D:12     | Found Eniraeb's Assorted Antiques.
  8781 | D:12     | Bought a scroll of enchant armour for 202 gold pieces
  8859 | D:12     | Found a radiant altar of Vehumet.
  9096 | D:12     | Noticed a two-headed ogre
  9104 | D:12     | Killed a two-headed ogre
  9660 | D:13     | Reached XP level 12. HP: 134/140 MP: 11/11
  9691 | D:13     | Reached skill level 1 in Throwing
  9751 | D:13     | Received a gift from Trog
  9803 | D:13     | Identified the +2 long sword of Untimely Demise {holy,
                  | Contam rPois Str+9 Int+3}
  9815 | D:13     | Noticed a two-headed ogre
  9837 | D:13     | Killed a two-headed ogre
  9838 | D:13     | Reached skill level 15 in Fighting
  9868 | D:13     | You fall into a shaft and drop 2 floors!
  9868 | D:15     | Entered Level 15 of the Dungeon
 10122 | D:13     | Noticed a fire giant
 10139 | D:13     | Killed a fire giant
 10158 | D:13     | Noticed a catoblepas
 10207 | D:13     | Found a gate to the Vaults.
 10248 | D:13     | Killed a catoblepas
 10641 | D:13     | HP: 7/143 [meliai/+2 hand axe of venom (15)]
 10642 | D:13     | Gained mutation: You have hidden genetic potential. [potion
                  | of mutation]
 10642 | D:13     | Gained mutation: Your movements are slightly less
                  | encumbered by armour. (ER -2) [potion of mutation]
 10642 | D:13     | Succumbed to a meliai's poison

Illustrated notes

Levels and vault maps discovered:
D:1:      dpeg_arrival_tiny_a, layout_rooms, serial_aquarium,
          aquarium_bridge_long_joined [aquarium_subvault_window,
          aquarium_subvault_bridge, aquarium_subvault_bridge,
          aquarium_subvault_bridge, aquarium_subvault_wall,
          aquarium_subvault_bridge], aquarium_window_fake, aquarium_window_1,
          aquarium_window_fake, aquarium_window_1, aquarium_view_2c,
          aquarium_view_2c, aquarium_pool_1, dreamdust_princess_bridge,
          kennysheep_crisscross, minmay_misc_feat_alley, minmay_crystal_room,
          minmay_tripent
D:2:      cheibrodos_pilgrimage, layout_basic, serial_shops, shop
D:3:      layout_loops_cross, lemuel_coloured_pillars_altar, uniq_terence
D:4:      layout_loops_ring, mainiacjoe_overflow_alcove_4
D:5:      layout_loops_ring
D:6:      layout_loops_cross, serial_bayou_pond_c, uniq_edmund
D:7:      layout_basic, minmay_temple_entry_trees, uniq_joseph
D:8:      layout_basic, uniq_maggie
D:9:      layout_rooms
D:10:     layout_gridville, erik_lair_dragon, orc_0_dummy, uniq_sonja
D:11:     gammafunk_cloud_chamber, layout_loops_cross, nicolae_sextant
D:12:     layout_long_grid, serial_shops, shop, hangedman_decor_diamond_cutter,
          vehumet_altar_wand_db
D:13:     layout_irregular_city, hellmonk_vaults_attempted_burglary, st_stairs_2
D:14:     layout_irregular_city, nicolae_ru_awakened_eye
D:15:     gammafunk_depths_entry_grave, layout_basic,
          grunt_dithmenos_smoke_and_mirrors, minmay_misc_feat_four_crosses

Skill      XL: |  1  2  3  4  5  6  7  8  9 10 11 12 |
---------------+-------------------------------------+-----
Unarmed Combat | 4 11 12 13 | 13.4
Dodging        | 8 |  8.7
Fighting       | 7 8 10 12 14 15 | 15.3
Throwing       | 3 |  3.2

Action                     |  1- 3 |  4- 6 |  7- 9 | 10-12 || total
---------------------------+-------+-------+-------+-------++-------
  Melee: Unarmed           |    68 |    64 |   170 |   390 ||   692
         Punch             |     1 |     3 |     7 |    23 ||    34
  Throw: Dart              |       |       |     2 |     5 ||     7
         Boomerang         |       |       |       |     4 ||     4
 Invoke: Berserk           |       |       |       |     1 ||     1
         Trog's Hand       |       |       |       |     1 ||     1
    Use: Scroll            |     2 |     6 |     2 |    18 ||    28
         Potion            |     1 |     2 |     1 |     8 ||    12
   Stab: Sleeping          |       |     1 |       |       ||     1
 Armour: Animal skin       |    37 |    22 |    83 |       ||   142
         Steam dragon scal |       |       |     1 |   345 ||   346
  Dodge: Dodged            |    29 |    27 |    87 |   236 ||   379

Table legend: (Time is in decaauts)
 A = Elapsed time spent in this place.
 B = Non-inter-level travel time spent in this place.
 C = Inter-level travel time spent in this place.
 D = Time resting spent in this place.
 E = Time spent auto-exploring this place.
 F = Levels seen in this place.
 G = Mean time per level.
                   A        B        C        D        E       F      G
               +--------+--------+--------+--------+--------+-----+--------+
         Total |  10523 |  10169 |    354 |    395 |   8083 |  15 |  701.5 |
       Dungeon |  10523 |  10169 |    354 |    395 |   8083 |  15 |  701.5 |
               +--------+--------+--------+--------+--------+-----+--------+

Top non-repeatable levels by time:
     D:8: 1046 daAuts
    D:12: 1013 daAuts
    D:10: 990 daAuts
    D:11: 885 daAuts
    D:13: 829 daAuts
     D:2: 770 daAuts
     D:1: 757 daAuts
     D:6: 749 daAuts
     D:7: 744 daAuts
     D:4: 731 daAuts
     D:5: 695 daAuts
     D:3: 589 daAuts
     D:9: 490 daAuts
    D:14: 169 daAuts
    D:15: 61 daAuts
